 Dungeon Crawl Stone Soup version 0.20.1-1-g8b1a95d (webtiles) character file.

13988 Monsterracer the Cleaver (level 11, -8/100 HPs)
             Began as a Deep Dwarf Fighter on Oct 18, 2017.
             Was an Elder of Makhleb.
             Mangled by a wolf spider (12 damage)
             ... on level 2 of the Lair of Beasts.
             The game lasted 00:12:49 (7611 turns).

Monsterracer the Cleaver (Deep Dwarf Fighter)       Turns: 7611, Time: 00:12:49

Health: -8/100     AC: 15    Str: 28    XL:     11   Next: 82%
Magic:  13/13      EV: 14    Int: 10    God:    Makhleb [****..]
Gold:   537        SH: 12    Dex: 14    Spells: 10/10 levels left

rFire    . . .     SeeInvis .   a - +0 war axe (elec)
rCold    + . .     Gourm    .   c - +0 shield
rNeg     . . .     Faith    .   E - +4 scale mail of Syoq Ube {rCorr Str+6 Int-5 Dex+2}
rPois    .         Spirit   .   (no helmet)
rElec    .         Reflect  .   (no cloak)
rCorr    +         Harm     .   e - +2 pair of gloves
MR       +....                  (no boots)
Stlth    +.........             (no amulet)
Regen    0.0/turn               g - ring of stealth
MPRegen  0.2/turn               D - ring of protection from cold

@: brilliant, non-regenerating
A: damage resistance, heal wounds, sense surroundings 2, no regeneration
a: Heal Wounds, Minor Destruction, Lesser Servant of Makhleb, Major Destruction,
Renounce Religion


You were on level 2 of the Lair of Beasts.
You worshipped Makhleb.
Makhleb was greatly pleased with you.
You were not hungry.

You visited 3 branches of the dungeon, and saw 14 of its levels.

You collected 537 gold pieces.

Inventory:

Hand Weapons
 a - a +0 war axe of electrocution (weapon)
 b - a +3 trident of piercing
Missiles
 k - 2 throwing nets (quivered)
Armour
 c - a +0 shield (worn)
 e - a +2 pair of gloves (worn)
 l - a +0 large shield
 E - the +4 scale mail of Syoq Ube (worn) {rCorr Str+6 Int-5 Dex+2}
   (You found it on level 9 of the Dungeon)

   It affects your strength (+6).
   It affects your intelligence (-5).
   It affects your dexterity (+2).
   It protects you from acid and corrosion.
Jewellery
 g - a ring of stealth (left hand)
 D - a ring of protection from cold (right hand)
Wands
 y - a wand of digging (5/24)
 B - a wand of digging (12/24)
Scrolls
 n - a scroll of magic mapping
 r - 4 scrolls of teleportation
 t - 7 scrolls of remove curse
 C - a scroll of enchant armour
Potions
 d - 2 potions of might
 h - 2 potions of ambrosia
 i - a potion of flight
 j - a potion of lignification {unknown}
 m - a potion of mutation
 q - a potion of curing
 s - 2 potions of haste
 u - a potion of brilliance
 v - a potion of degeneration {unknown}
 x - a potion of magic
 z - a potion of berserk rage {unknown}
 A - 3 potions of agility
Comestibles
 f - 5 bread rations
 o - 11 fruits
 p - 4 royal jellies
 w - 2 meat rations


   Skills:
 + Level 7.5 Fighting
 * Level 11.4 Axes
 + Level 8.9 Armour
 + Level 7.9 Dodging
 + Level 8.9 Shields
 + Level 8.5 Invocations


You had 10 spell levels left.
You didn't know any spells.

Dungeon Overview and Level Annotations

Branches:
Dungeon (11/15)            Temple (1/1) D:5            Lair (2/6) D:11
 Spider (0/4) Lair:2          Orc (0/2) D:9
  Swamp: Lair:2-4    Shoals: Lair:2-4

Altars:
Dithmenos
Elyvilon
Fedhas
Gozag
Kikubaaqudgha
Makhleb
Nemelex Xobeh
Okawaru
Qazlal
Ru
Sif Muna
Trog
Uskayaw
Vehumet
Xom
Yredelemnul
Zin
The Shining One

Shops:
D:11 ?


Innate Abilities, Weirdness & Mutations

You are resistant to damage.
You can heal yourself by infusing magical energy.
You passively map the area around you.
You do not regenerate.


Message History

A wolf spider and a jumping spider come into view.
The jumping spider hisses angrily. x2
The redback completely misses you.
The redback bites you but does no damage.
Found a hole to the Spider Nest.
The redback bites you!
The jumping spider leaps!
Damage: -6%(-6hp) hp: 51%(51hp)
You slash the redback!
The redback is moderately wounded.
You block the redback's attack. The redback bites you!
You are poisoned.
The redback poisons you!
Damage: -9%(-9hp) hp: 42%(42hp)
You closely miss the redback.
The redback is moderately wounded.
You closely miss the jumping spider.
You feel very sick. You block the redback's attack.
Damage: -4%(-4hp) hp: 38%(38hp)
You slash the redback!
The redback is severely wounded.
You closely miss the jumping spider. x2
You feel very sick. The jumping spider closely misses you.
You block the jumping spider's attack. The redback completely misses you.
The jumping spider leaps!
The redback bites you.
You are lethally poisoned!
The redback poisons you!
Damage: -3%(-3hp) hp: 35%(35hp)
You feel better. You block the wolf spider's attack. The wolf spider bites you.
You are poisoned.
The wolf spider poisons you!
A demon appears!
You feel very sick. You block the redback's attack.
You block the jumping spider's attack. The jumping spider misses you.
The wolf spider hits you. The wolf spider closely misses you.
The jumping spider pounces on you but does no damage.
The jumping spider misses you.
The jumping spider leaps!
The redback closely misses you.
Damage: -7%(-7hp) hp: 39%(39hp)
You slash the redback! Lightning courses through the redback!
You kill the redback!
Makhleb accepts your kill.
You feel better.
You closely miss the jumping spider. You closely miss the wolf spider.
You hit the jumping spider but do no damage.
Lightning courses through the jumping spider!
You feel very sick.
The jumping spider leaps!
The wolf spider completely misses you. The wolf spider bites you.
You are lethally poisoned!
The wolf spider poisons you!
You block the jumping spider's attack. x2
The jumping spider pounces on you but does no damage.
The jumping spider barely misses you. The wolf spider barely misses you. x2
Okay, then.
You feel very sick.
Your smoke demon barely misses the wolf spider.
Your smoke demon hits the wolf spider but does no damage.
Your smoke demon closely misses the wolf spider.
Damage: -5%(-5hp) hp: 42%(42hp) It was a potion of magic.
Magic courses through your body.
You feel very sick. The wolf spider hits you!!
* * * LOW HITPOINT WARNING * * *
The wolf spider bites you.
* * * LOW HITPOINT WARNING * * *
You block the jumping spider's attack. The jumping spider bites you.
* * * LOW HITPOINT WARNING * * *
The wolf spider barely misses you. x2; You block the jumping spider's attack. x2
Your smoke demon barely misses the wolf spider.
Your smoke demon closely misses the wolf spider.
Your smoke demon hits the wolf spider but does no damage.
Huge Dmg: -26%(-26hp) hp: 16%(16hp) It was a potion of brilliance.
You feel clever all of a sudden.
* * * LOW HITPOINT WARNING * * *
You feel very sick. The wolf spider hits you!
* * * LOW HITPOINT WARNING * * *
You block the wolf spider's attack.
The jumping spider completely misses you.
The jumping spider bites you but does no damage.
The jumping spider leaps!
Your smoke demon gestures at the wolf spider.
The ball of steam hits the wolf spider.
The ball of steam hits the jumping spider.
Huge Dmg: -10%(-10hp) hp: 6%(6hp)
You feel better.
You are engulfed in a cloud of scalding steam.
The wolf spider is engulfed in a cloud of scalding steam.
The wolf spider hits you!
* * * LOW HITPOINT WARNING * * *
The wolf spider closely misses you.
The jumping spider is engulfed in a cloud of scalding steam.
The jumping spider barely misses your smoke demon. x2
The jumping spider leaps!
The wolf spider is engulfed in a cloud of scalding steam.
The wolf spider hits you!
You die...

#.#.## ######................#
##...######P.##...#..............
##...>..........##.............#
##....##.........#....s........##
#...##....#####................#
#..##.....## #...>............#
..###......# #....§.........###
.#.........# ##3.............#
.##.....#### #ss@...........##
##.......#*#^^§s§..........##
###.....##.^^^§##.#.....†P## #
#.#####.^^^.#######...### # # ###
.^...##.P#.###..# ### #
..../#.....###..#######.. ##
>..###......#....#....##. .### *
..##.........#........... ...##
#####..............#....#..


You could see a wolf spider, 3 jumping spiders and a friendly smoke demon.

Vanquished Creatures
  2 hydras
  3 two-headed ogres
  An ugly thing (D:10)
  Joseph (D:8)
  A black mamba (Lair:1)
  2 spiny frogs
  A komodo dragon (Lair:2)
  2 trolls
  A polar bear (Lair:2)
  The ghost of appiemonkey the Stinger, an amateur FoVM (D:4)
  3 hippogriffs
  A redback (Lair:2)
  Sigmund (D:4)
  A wyvern (Lair:2)
  11 yaks
  A basilisk (Lair:1)
  A steam dragon (D:10)
  2 water moccasins
  A porcupine (Lair:2)
  A sky beast (D:5)
  3 ice beasts
  4 orc warriors
  2 necrophages
  2 phantoms
  8 ogres
  2 wolves (D:11)
  5 centaurs
  2 big kobolds
  7 bullfrogs
  A gnoll sergeant (D:7)
  5 scorpions
  2 electric eels
  3 howler monkeys
  A bullfrog zombie (D:10)
  6 crimson imps
  8 hounds
  A jelly (D:10)
  4 orc priests
  2 bullfrog skeletons
  6 orc wizards
  2 iguanas
  8 worker ants
  A killer bee zombie (D:8)
  3 hound skeletons
  A howler monkey zombie (D:4)
  2 worker ant zombies
  12 gnolls
  11 adders
  A shadow imp (D:5)
  An ooze (D:4)
  An adder skeleton (D:6)
  4 worms
  4 leopard geckos
  47 orcs
  2 ball pythons
  6 giant cockroaches
  2 goblins (D:3)
  A hobgoblin (D:1)
  5 jackals
  14 kobolds
  5 quokkas
  2 bats (D:3)
  A frilled lizard (D:2)
  2 jackal skeletons (D:4)
  A leopard gecko zombie (D:2)
  A quokka skeleton (D:7)
  A rat (D:2)
  A fungus (Lair:2)
  A plant (Lair:2)
255 creatures vanquished.

Vanquished Creatures (others)
  A yak (D:10)
1 creature vanquished.

Grand Total: 256 creatures vanquished

Notes
Turn   | Place    | Note
-------+----------+-------------------------------------------
     0 | D:1      | Monsterracer the Deep Dwarf Fighter began the quest for the Orb.
     0 | D:1      | Reached XP level 1. HP: 20/20 MP: 1/1
   130 | D:2      | Found a transporter.
   149 | D:2      | Found a transporter.
   156 | D:2      | Found a blossoming altar of Fedhas.
   261 | D:2      | Reached XP level 2. HP: 25/27 MP: 2/2
   466 | D:2      | Reached skill level 3 in Axes
   466 | D:2      | Reached XP level 3. HP: 20/33 MP: 2/2
   485 | D:2      | Reached XP level 4. HP: 25/42 MP: 2/2
   561 | D:3      | Reached skill level 1 in Dodging
   704 | D:3      | Found a shimmering altar of Xom.
   724 | D:3      | Reached skill level 4 in Axes
   724 | D:3      | Reached XP level 5. HP: 47/49 MP: 3/3
  1066 | D:4      | Noticed appiemonkey's ghost (amateur FoVM)
  1080 | D:4      | Killed appiemonkey's ghost
  1080 | D:4      | Reached XP level 6. HP: 39/57 MP: 4/4
  1088 | D:4      | Reached skill level 5 in Axes
  1114 | D:4      | Reached XP level 7. HP: 39/64 MP: 5/5
  1143 | D:4      | Reached skill level 5 in Shields
  1156 | D:4      | Noticed Sigmund
  1167 | D:4      | Killed Sigmund
  1326 | D:4      | Reached skill level 6 in Axes
  1381 | D:4      | Reached skill level 5 in Armour
  1518 | D:5      | Entered Level 5 of the Dungeon
  1861 | D:5      | Reached XP level 8. HP: 62/73 MP: 5/5
  1902 | D:5      | Found an iron altar of Okawaru.
  2029 | D:5      | Found a sacrificial altar of Ru.
  2054 | D:5      | Found a staircase to the Ecumenical Temple.
  2079 | Temple   | Entered the Ecumenical Temple
  2120 | Temple   | Became a worshipper of Makhleb the Destroyer
  2355 | D:5      | Reached skill level 1 in Invocations
  2582 | D:6      | Reached skill level 7 in Axes
  3142 | D:6      | Reached skill level 5 in Fighting
  3327 | D:7      | Reached * piety under Makhleb
  3342 | D:7      | Gained mutation: You passively map the area around you. [Deep Dwarf growth]
  3342 | D:7      | Reached XP level 9. HP: 76/81 MP: 7/7
  3459 | D:7      | Reached skill level 5 in Dodging
  3651 | D:7      | HP: 4/81 [orc warrior/battleaxe (11)]
  3659 | D:7      | HP: 4/81 [orc warrior/battleaxe (11)]
  3689 | D:7      | Reached ** piety under Makhleb
  3786 | D:7      | Reached skill level 8 in Axes
  4209 | D:8      | Reached skill level 5 in Invocations
  4247 | D:8      | Noticed Joseph
  4266 | D:8      | Killed Joseph
  4613 | D:9      | Found a staircase to the Orcish Mines.
  4692 | D:9      | Found a sacrificial altar of Ru.
  4715 | D:9      | Reached *** piety under Makhleb
  4772 | D:9      | Reached XP level 10. HP: 82/91 MP: 10/10
  4928 | D:9      | Reached skill level 9 in Axes
  5146 | D:9      | Found a glowing silver altar of Zin.
  5353 | D:9      | Got a brightly glowing scale mail
  5364 | D:9      | Identified the +4 scale mail of Syoq Ube {rCorr Str+6 Int-5 Dex+2} (You found it on level 9 of the Dungeon)
  5397 | D:10     | Entered Level 10 of the Dungeon
  5431 | D:10     | Noticed a two-headed ogre
  5440 | D:10     | Killed a two-headed ogre
  5633 | D:10     | Noticed a two-headed ogre
  5640 | D:10     | Killed a two-headed ogre
  5640 | D:10     | Reached **** piety under Makhleb
  5640 | D:10     | Reached skill level 10 in Axes
  5666 | D:10     | Noticed a purple ugly thing
  5683 | D:10     | Killed a purple ugly thing
  5980 | D:11     | Noticed a two-headed ogre
  5984 | D:11     | Reached XP level 11. HP: 81/99 MP: 12/12
  5994 | D:11     | Killed a two-headed ogre
  6014 | D:11     | Found a staircase to the Lair.
  6033 | D:11     | Found Waxiadod's Magic Scroll Shoppe.
  6153 | D:11     | Noticed a four-headed hydra
  6177 | D:11     | Killed a four-headed hydra
  6231 | D:11     | Noticed a two-headed ogre
  6234 | Lair:1   | Entered Level 1 of the Lair of Beasts
  6381 | Lair:1   | Noticed a five-headed hydra
  6392 | Lair:1   | Killed a five-headed hydra
  6578 | Lair:1   | Reached skill level 11 in Axes
  7600 | Lair:2   | Found a hole to the Spider Nest.
  7600 | Lair:2   | Noticed a wolf spider
  7611 | Lair:2   | HP: 4/100 [wolf spider (7)]
  7611 | Lair:2   | Mangled by a wolf spider

Skill      XL: |  1  2  3  4  5  6  7  8  9 10 11 |
---------------+----------------------------------+-----
Axes           | 3 4 5 6 7 8 10 11 | 11.4
Fighting       | 3 4 5 6 7 |  7.5
Dodging        | 1 2 3 4 5 6 7 |  7.9
Shields        | 4 5 6 7 8 |  8.9
Armour         | 4 5 7 8 |  8.9
Invocations    | 3 5 7 8 |  8.5

Action                   |  1- 3 |  4- 6 |  7- 9 | 10-12 || total
-------------------------+-------+-------+-------+-------++-------
Melee: War axe           |    70 |   140 |   465 |   268 ||   943
       Trident           |       |       |       |    20 ||    20
Invok: Lesser Servant of |       |       |       |     2 ||     2
 Abil: Heal Wounds       |     2 |     4 |    20 |     5 ||    31
  Use: Scroll            |       |     3 |     9 |     6 ||    18
       Potion            |       |     1 |       |     4 ||     5
  Eat: Chunk             |       |     1 |    13 |     9 ||    23
Armor: Scale mail        |    30 |    48 |   174 |    98 ||   350
Dodge: Dodged            |    26 |    41 |   196 |   147 ||   410
Block: Shield            |    42 |    57 |   279 |   161 ||   539

Vault maps used:
D:1:      dpeg_arrival_castle
D:2:      cheibriados_altar_1, gammafunk_temple_overflow_arena,
          lemuel_round_altar, minmay_tree_intersection
D:3:      led_xom_imps, uniq_robin
D:4:      uniq_sigmund
D:5:      kennysheep_mini, minmay_temple_entry_statues_pillars, first_bread,
          hangedman_ru_absence
D:6:      serial_glass, glass_columns_b, glass_columns_b
D:8:      uniq_joseph
D:9:      kennysheep_mini_moat, overflow_temple_1_default, orc_0_dummy
D:10:     serial_corexii_hall, corexii_hall_statues_x, corexii_hall_statues_t,
          corexii_hall_statues_x, corexii_hall_statues_deadend,
          corexii_hall_statues_i, corexii_hall_statues_i
D:11:     lemuel_flame_loot_2, erik_lair_island, serial_shops,
          nicolae_shop_waterfront
Temple:   eino_temple_water
Lair:1:   serial_bayou_shore_a, grunt_megastairs_5
Lair:2:   spider_nest_entry_funnel_web
